[Event "fics rated crazyhouse match"]
[Site "fics, Oklahoma City, OK USA"]
[Date "2000.09.23"]
[White "LINDEGREN"]
[WhiteElo "2364"]
[Black "Sunsetter"]
[BlackElo "2321"]
[TimeControl "120+0"]
[Result "0-1"]

1. e4 e5 2. Nf3 Nc6 3. Bc4 Bc5 4. O-O Nf6 5. Nc3 O-O 6. d3 
d6 7. h3 Nd4 8. Bg5 Nxf3+ 9. Qxf3 N@d4 10. Qd1 Ne6 11. Bxf6 Qxf6 
12. N@g4 Qd8 13. N@f5 Nf4 14. d4 Bxf5 15. exf5 Bxd4 16. Bxf7+ Rxf7 17. B@e6 
P@g3 18. Bxf7+ Kxf7 19. P@g6+ hxg6 20. fxg6+ Nxg6 21. Qf3+ B@f4 22. Kh1 Bxf2 
23. Ne4 N@h4 24. Qb3+ B@e6 25. P@d5 Bxg4 26. hxg4 N@a5 27. B@e6+ Ke8 28. Qa4+ 
c6 29. R@g8+ B@f8 30. Nxf2 gxf2 31. B@f7+ Ke7 32. Bxg6 N@g3+ 33. Kh2 Nxf1+ 
34. Kh3 R@h2# 
{LINDEGREN checkmated} 0-1

[Event "fics rated crazyhouse match"]
[Site "fics, Oklahoma City, OK USA"]
[Date "2000.09.23"]
[White "Sunsetter"]
[WhiteElo "2330"]
[Black "LINDEGREN"]
[BlackElo "2355"]
[TimeControl "120+0"]
[Result "1-0"]

1. d4 Nf6 2. Nf3 Nc6 3. d5 Nb8 4. e3 d6 5. Nc3 e6 6. Bb5+ 
c6 7. dxc6 Nxc6 8. Bxc6+ bxc6 9. Nd4 P@b7 10. Nb3 Be7 11. e4 e5 
12. Bg5 h6 13. Bxf6 Bxf6 14. N@h5 B@g5 15. Nxf6+ Bxf6 16. B@a5 b6 17. Bb4 
B@c5 18. Bxc5 bxc5 19. B@a5 B@b6 20. Bxb6 axb6 21. N@h5 N@f4 22. Nxf6+ Qxf6 
23. B@f1 B@b4 24. B@d2 Bxc3 25. Bxc3 N@h4 26. Rg1 Nhxg2+ 27. Bxg2 Nxg2+ 28. Rxg2 
B@f3 29. N@c7+ Kd7 30. Nxa8 Bxd1 31. R@c7+ Kd8 32. Rxc8+ Kxc8 33. B@a6+ Kd8 
34. B@c7+ Ke7 35. Bxd6+ Qxd6 36. N@f5+ Kd8 37. P@c7+ Qxc7 38. Rxd1+ R@d7 39. P@e7+ 
Ke8 40. Nxc7# 
{LINDEGREN resigns} 1-0

[Event "fics rated crazyhouse match"]
[Site "fics, Oklahoma City, OK USA"]
[Date "2000.09.23"]
[White "LINDEGREN"]
[WhiteElo "2346"]
[Black "Sunsetter"]
[BlackElo "2339"]
[TimeControl "120+0"]
[Result "0-1"]

1. e4 e5 2. Nf3 Nc6 3. d4 Nf6 4. Nxe5 Nxe4 5. Bd3 Nxf2 6. Kxf2 
Qh4+ 7. Kf1 Qxd4 8. Nxc6 dxc6 9. Qe2+ Be6 10. N@f5 Qd7 11. N@h5 Rg8 
12. P@h6 P@f3 13. Qxf3 P@g4 14. Qxg4 N@e5 15. Qe2 Nxd3 16. cxd3 B@g4 17. N@f6+ 
gxf6 18. Nxf6+ Kd8 19. Nxg4 Rxg4 20. Qxg4 Bxf5 21. Qh4+ N@e7 22. R@d4 N@d5 
23. Nc3 N@e3+ 24. Bxe3 Nxe3+ 25. Ke2 Nd5 26. Nxd5 cxd5 27. P@g7 Qe6+ 28. B@e3 
B@g4+ 29. P@f3 Qxe3+ 30. Kxe3 N@c2+ 31. Ke2 Nxd4+ 32. Kd1 B@a4+ 33. P@b3 Bxf3+ 
34. gxf3 P@c2+ 35. Ke1 R@e2+ 36. Kf1 P@g2+ 37. Kg1 Nxf3# 
{LINDEGREN checkmated} 0-1

[Event "fics rated crazyhouse match"]
[Site "fics, Oklahoma City, OK USA"]
[Date "2000.09.23"]
[White "Sunsetter"]
[WhiteElo "2347"]
[Black "LINDEGREN"]
[BlackElo "2338"]
[TimeControl "120+0"]
[Result "1/2-1/2"]

1. e4 e6 2. d4 b6 3. Bd3 Bb7 4. Be3 Nf6 5. Nd2 d5 6. e5 
Ne4 7. Ngf3 Be7 8. Rb1 f5 9. exf6 Bxf6 10. Bb5+ c6 11. Bd3 Nxd2 
12. Nxd2 P@e4 13. Be2 N@h4 14. N@f4 O-O 15. Bg4 e5 16. Be6+ Kh8 17. dxe5 
Bxe5 18. P@g3 Bxf4 19. gxh4 Bxe3 20. fxe3 P@f2+ 21. Kf1 Qe7 22. N@g5 Nd7 
23. Bxd7 Qxd7 24. Ndxe4 B@b5+ 25. P@e2 B@f5 26. Nxf2 N@g4 27. B@f4 Nxf2 28. Kxf2 
N@g4+ 29. Ke1 Be4 30. Nxe4 Rxf4 31. exf4 Qe7 32. P@g6 dxe4 33. N@f7+ Qxf7 
34. gxf7 B@f2+ 35. Kd2 Be3+ 36. Ke1 Bf2+ 37. Kd2 Be3+ 38. Ke1 Bf2+ 39. Kd2 
N@c4+ 40. Kc3 N@a4+ 41. Kb3 Nc5+ 42. Kc3 Na4+ 43. Kb3 Na5+ 44. Ka3 Nc4+ 
45. Kb3 Nc5+ 46. Kc3 Na4+ 47. Kb3 Nc5# 
{Game drawn by repetition} 1/2-1/2

[Event "fics rated crazyhouse match"]
[Site "fics, Oklahoma City, OK USA"]
[Date "2000.09.23"]
[White "LINDEGREN"]
[WhiteElo "2338"]
[Black "Sunsetter"]
[BlackElo "2347"]
[TimeControl "120+0"]
[Result "0-1"]

1. e4 e5 2. Nf3 Nc6 3. d4 exd4 4. Nxd4 Qe7 5. Nxc6 Qxe4+ 6. Qe2 
Qxe2+ 7. Bxe2 dxc6 8. Nc3 Q@e7 9. Be3 P@h3 10. gxh3 N@g2+ 11. Kd2 P@b4 
12. P@d3 bxc3+ 13. bxc3 Bxh3 14. Q@f3 Nxe3 15. fxe3 N@g5 16. Qf2 P@b2 17. Rab1 
Rd8 18. P@d4 B@d5 19. Rhg1 Qa3 20. Rxg5 Qxa2 21. Rgg1 P@b4 22. Bh5 bxc3+ 
23. Ke2 Qxb1 24. Rxb1 R@d2+ 25. Ke1 Rxf2 26. Kxf2 Q@g2+ 27. Ke1 Qf1# 
{LINDEGREN checkmated} 0-1

[Event "fics rated crazyhouse match"]
[Site "fics, Oklahoma City, OK USA"]
[Date "2000.09.23"]
[White "Sunsetter"]
[WhiteElo "2355"]
[Black "LINDEGREN"]
[BlackElo "2330"]
[TimeControl "120+0"]
[Result "1-0"]

1. e4 e6 2. Nc3 d5 3. Nf3 Nf6 4. e5 Nfd7 5. d4 Nc6 6. Bg5 
f6 7. exf6 gxf6 8. Be3 P@g7 9. Nh4 Bb4 10. Qh5+ Ke7 11. Bd3 Nf8 
12. P@e5 Qe8 13. Qxe8+ Kxe8 14. Q@h5+ Q@f7 15. Qxf7+ Kxf7 16. Q@h5+ Ke7 17. exf6+ 
gxf6 18. P@g7 Rg8 19. gxf8=B+ Rxf8 20. Qxh7+ Rf7 21. Ng6+ Ke8 22. Qg8+ Q@f8 
23. Nxf8 Bxf8 24. Qxf7+ Kxf7 25. P@g6+ Ke7 26. Q@f7# 
{LINDEGREN resigns} 1-0

[Event "fics rated crazyhouse match"]
[Site "fics, Oklahoma City, OK USA"]
[Date "2000.09.23"]
[White "LINDEGREN"]
[WhiteElo "2323"]
[Black "Sunsetter"]
[BlackElo "2362"]
[TimeControl "180+0"]
[Result "0-1"]

1. e4 Nf6 2. Nc3 d5 3. exd5 Nxd5 4. d4 Nxc3 5. bxc3 e6 6. Bd3 
Nc6 7. Nf3 Bd7 8. O-O Bd6 9. N@h5 Bf8 10. Rb1 Bc8 11. Bg5 f6 
12. Bh4 P@g6 13. Nf4 g5 14. Nh5 gxh4 15. Nxh4 f5 16. P@f6 gxf6 17. P@g7 
Rg8 18. gxf8=Q+ Kxf8 19. B@h6+ P@g7 20. Nxg7 Ke7 21. Qe2 P@e4 22. Bb5 B@g4 
23. f3 Rxg7 24. Bxg7 exf3 25. Nxf3 N@f4 26. Bxf6+ Kxf6 27. P@g5+ Kf7 28. Qe1 
Bxf3 29. R@f6+ Qxf6 30. Rxf3 Qxg5 31. B@h4 Qxg2# 
{LINDEGREN checkmated} 0-1

[Event "fics rated crazyhouse match"]
[Site "fics, Oklahoma City, OK USA"]
[Date "2000.09.23"]
[White "Sunsetter"]
[WhiteElo "2369"]
[Black "LINDEGREN"]
[BlackElo "2316"]
[TimeControl "180+0"]
[Result "0-1"]

1. e4 e6 2. d4 d5 3. Nc3 Nf6 4. e5 Ne4 5. Nxe4 dxe4 6. Bb5+ 
Nc6 7. Bxc6+ bxc6 8. N@c3 B@d5 9. Qg4 N@f5 10. Bg5 Be7 11. Bxe7 Qxe7 
12. B@c5 B@d6 13. exd6 cxd6 14. B@g5 f6 15. Nxd5 exd5 16. Bxf6 gxf6 17. N@g8 
Qf7 18. B@h5 P@g6 19. Nxf6+ Qxf6 20. P@e5 Qf7 21. exd6 gxh5 22. Qe2 N@f4 
23. Qf1 N@c4 24. O-O-O O-O 25. P@b3 B@h6 26. bxc4 dxc4 27. P@e3 Nd3+ 28. cxd3 
cxd3 29. N@e7+ Kh8 30. Nxf5 Bxf5 31. N@b4 P@c2 32. Rd2 Qxa2 33. Rxc2 N@b3+ 
34. Kd1 Qb1+ 35. Rc1 Qxc1# 
{Sunsetter checkmated} 0-1

[Event "fics rated crazyhouse match"]
[Site "fics, Oklahoma City, OK USA"]
[Date "2000.09.23"]
[White "LINDEGREN"]
[WhiteElo "2325"]
[Black "Sunsetter"]
[BlackElo "2360"]
[TimeControl "180+0"]
[Result "1-0"]

1. e4 Nf6 2. Nc3 Nc6 3. d4 e6 4. e5 Nd5 5. Nxd5 exd5 6. Nf3 
N@e4 7. Bb5 Bb4+ 8. Ke2 Rf8 9. a3 Ba5 10. N@h5 Rg8 11. Be3 Bc3 
12. Qc1 Ba5 13. c3 d6 14. Re1 Bg4 15. Nf4 dxe5 16. dxe5 P@c4 17. P@d3 
Bxf3+ 18. gxf3 N@b3 19. Qd1 Nxc3+ 20. bxc3 Bxc3 21. dxc4 dxc4 22. Bxc4 Nxa1 
23. P@d7+ Qxd7 24. Qxd7+ Kxd7 25. e6+ Kc8 26. P@d7+ Kd8 27. exf7 Nd4+ 28. Bxd4 
Q@d2+ 29. Kf1 Qxe1+ 30. Kg2 R@g1+ 31. Kh3 R@h6+ 32. P@h4 Rxh4+ 33. Kxh4 g5+ 
34. Kh3 gxf4 35. R@e8# 
{Sunsetter forfeits on time} 1-0

[Event "fics rated crazyhouse match"]
[Site "fics, Oklahoma City, OK USA"]
[Date "2000.09.23"]
[White "Sunsetter"]
[WhiteElo "2351"]
[Black "LINDEGREN"]
[BlackElo "2334"]
[TimeControl "180+0"]
[Result "1-0"]

1. d4 Nf6 2. Nf3 e6 3. Nc3 d5 4. e3 Be7 5. Ne5 Nc6 6. Nxc6 
bxc6 7. Be2 O-O 8. Bd3 Bd6 9. Rb1 e5 10. Be2 e4 11. Bd2 N@h4 
12. Bf1 Ne8 13. Qh5 f5 14. Ne2 Ng6 15. Nf4 Bxf4 16. exf4 Nf6 17. Qd1 
Ng4 18. Bc1 Qe7 19. B@c5 N@d6 20. N@e5 Nxf2 21. Kxf2 Nxe5 22. dxe5 N@g4+ 
23. Ke1 Nxe5 24. fxe5 Qxe5 25. Bg5 f4 26. N@e7+ Kf7 27. Qh5+ P@g6 28. Nxc6 
Qf5 29. N@e5+ Ke8 30. Qxh7 Qxg5 31. Bxd6 B@a5+ 32. Nxa5 cxd6 33. N@c7+ Kd8 
34. N@e6+ Bxe6 35. Nxe6+ Ke7 36. Qxg7+ P@f7 37. Nac6+ Kxe6 38. B@d7# 
{LINDEGREN checkmated} 1-0

[Event "fics rated crazyhouse match"]
[Site "fics, Oklahoma City, OK USA"]
[Date "2000.09.23"]
[White "Sunsetter"]
[WhiteElo "2350"]
[Black "LINDEGREN"]
[BlackElo "2335"]
[TimeControl "180+0"]
[Result "1-0"]

1. d4 e6 2. Nf3 Nf6 3. Nc3 d5 4. e3 Nc6 5. Ne5 Bd7 6. Bd3 
Bd6 7. Ng4 Ng8 8. Bb5 h5 9. Bxc6 Bxc6 10. Ne5 Qe7 11. Nxc6 bxc6 
12. B@b7 Rd8 13. Bxc6+ B@d7 14. Bxd7+ Qxd7 15. P@c6 Qe7 16. N@b5 Nf6 17. Nxa7 
h4 18. P@e5 Ne4 19. Nxe4 dxe4 20. exd6 cxd6 21. N@c8 P@f3 22. Nxe7 fxg2 
23. B@d7+ Kf8 24. Ng6+ fxg6 25. Q@f4+ P@f5 26. Qxd6+ B@e7 27. Qxe7+ Kxe7 28. B@c5+ 
Kf7 29. Bxe6+ Kxe6 30. d5+ Kf6 31. P@e5+ Kg5 32. B@f4# 
{LINDEGREN checkmated} 1-0

[Event "fics rated crazyhouse match"]
[Site "fics, Oklahoma City, OK USA"]
[Date "2000.09.23"]
[White "LINDEGREN"]
[WhiteElo "2327"]
[Black "Sunsetter"]
[BlackElo "2358"]
[TimeControl "180+0"]
[Result "0-1"]

1. e4 e6 2. Nc3 d5 3. d4 Nf6 4. e5 Ne4 5. Nxe4 dxe4 6. Nh3 
Nc6 7. Be3 N@a4 8. Rb1 Bb4+ 9. Ke2 Qd5 10. f3 Qxa2 11. fxe4 Nxb2 
12. Rxb2 Qxb2 13. N@h5 R@e1+ 14. Qxe1 Bxe1 15. Nxg7+ Kd8 16. Kxe1 Q@b1+ 17. B@d1 
Q2xc2 18. R@d2 Qxe4 19. P@f2 P@c3 20. Be2 cxd2+ 21. Bxd2 Qxd1+ 22. Kxd1 P@c2# 
{LINDEGREN resigns} 0-1

[Event "fics rated crazyhouse match"]
[Site "fics, Oklahoma City, OK USA"]
[Date "2000.09.23"]
[White "Sunsetter"]
[WhiteElo "2365"]
[Black "LINDEGREN"]
[BlackElo "2320"]
[TimeControl "180+0"]
[Result "0-1"]

1. e4 e6 2. Nc3 b6 3. Nf3 Bb7 4. d4 Nf6 5. Bd3 d5 6. e5 
Ne4 7. Bd2 Nxd2 8. Qxd2 Nc6 9. N@g5 B@h5 10. Bxh7 Bxf3 11. Bg6 fxg6 
12. P@f7+ Kd7 13. Nxf3 Qe7 14. B@g4 B@b4 15. Ng5 N@c4 16. Nxe6 Qxe6 17. Bxe6+ 
Kxe6 18. P@f5+ gxf5 19. Q@g6+ Kd7 20. Qxf5+ P@e6 21. Qfd3 Nxd2 22. Qxd2 Bxc3 
23. bxc3 N@e4 24. Qe2 N@f4 25. B@e8+ Kd8 26. Bxc6 Nxe2 27. N@d2 N2xc3 28. P@e7+ 
Bxe7 29. N@e2 Nxd2 30. f8=Q+ Rxf8 31. Nxc3 N@f3+ 32. Kd1 P@b2 33. N@b3 Bxc6 
34. gxf3 bxa1=Q+ 35. Nxa1 Nc4 36. N@d2 P@g2 37. Re1 Nxd2 38. P@f6 gxf6 39. exf6 
Bxf6 40. P@d6 cxd6 41. Nxd5 Nc4 42. P@c7+ Kc8 43. Nxb6+ axb6 44. P@d7+ Kxc7 
45. d8=B+ Rfxd8 46. Ke2 R@b1 47. Kd3 Q@d2+ 48. Kxc4 Q@b4# 
{Sunsetter checkmated} 0-1

[Event "fics rated crazyhouse match"]
[Site "fics, Oklahoma City, OK USA"]
[Date "2000.09.23"]
[White "LINDEGREN"]
[WhiteElo "2329"]
[Black "Sunsetter"]
[BlackElo "2356"]
[TimeControl "180+0"]
[Result "0-1"]

1. e4 Nf6 2. Nc3 Nc6 3. d4 e6 4. a3 d5 5. exd5 Nxd5 6. Nf3 
Nxc3 7. bxc3 N@e4 8. Bd2 P@g4 9. Bd3 Nxc3 10. Bxc3 gxf3 11. gxf3 N@a4 
12. P@d2 Nxd4 13. Bxd4 Qxd4 14. O-O Nb2 15. Qe2 Nxd3 16. cxd3 P@h3 17. P@g2 
hxg2 18. Kxg2 B@f5 19. P@e4 P@h3+ 20. Kg1 P@g2 21. N@g3 gxf1=R+ 22. Rxf1 R@g2+ 
23. Kh1 Rxg3 24. hxg3 Bxe4 25. N@f4 P@g2+ 26. Nxg2 hxg2+ 27. Kxg2 Bxd3 28. Qe1 
P@h3+ 29. Kxh3 N@g5+ 30. Kg2 B@h3+ 31. Kh1 Nxf3 
{LINDEGREN resigns} 0-1

[Event "fics rated crazyhouse match"]
[Site "fics, Oklahoma City, OK USA"]
[Date "2000.09.23"]
[White "Sunsetter"]
[WhiteElo "2363"]
[Black "LINDEGREN"]
[BlackElo "2322"]
[TimeControl "180+0"]
[Result "0-1"]

1. e4 e6 2. Nc3 d5 3. exd5 exd5 4. d4 Nc6 5. Bb5 Nf6 6. Qe2+ 
P@e4 7. P@g5 Ng8 8. f3 Bb4 9. fxe4 dxe4 10. Bxc6+ bxc6 11. Qxe4+ Qe7 
12. Qxe7+ Nxe7 13. P@f6 Bxc3+ 14. bxc3 P@f2+ 15. Kxf2 N@e4+ 16. Ke2 Nxc3+ 17. Kd3 
Bf5+ 18. P@e4 Bxe4+ 19. Kd2 P@e3+ 20. Kxc3 Nd5+ 21. Kb3 Q@b4# 
{Sunsetter checkmated} 0-1

[Event "fics rated crazyhouse match"]
[Site "fics, Oklahoma City, OK USA"]
[Date "2000.09.23"]
[White "LINDEGREN"]
[WhiteElo "2331"]
[Black "Sunsetter"]
[BlackElo "2354"]
[TimeControl "180+0"]
[Result "0-1"]

1. e4 e6 2. d4 d5 3. e5 Nc6 4. Nh3 Nge7 5. Be2 Nf5 6. Be3 
Be7 7. O-O O-O 8. c3 f6 9. exf6 Bxf6 10. Nd2 e5 11. dxe5 Nxe3 
12. fxe3 Bxe5 13. P@f7+ Rxf7 14. Rxf7 Kxf7 15. N@g5+ Ke7 16. R@f7+ Ke8 17. P@f4 
Bxh3 18. fxe5 Qxg5 19. Rf2 Be6 20. Nf3 N@h3+ 21. Kf1 R@h1+ 22. B@g1 N@g4 
23. Nxg5 Rxg1# 
{LINDEGREN checkmated} 0-1

[Event "fics rated crazyhouse match"]
[Site "fics, Oklahoma City, OK USA"]
[Date "2000.09.23"]
[White "Sunsetter"]
[WhiteElo "2361"]
[Black "LINDEGREN"]
[BlackElo "2324"]
[TimeControl "180+0"]
[Result "0-1"]

1. d4 e6 2. Nf3 d5 3. Bg5 f6 4. Bh4 Nc6 5. e3 Nge7 6. Bb5 
Nf5 7. Bxc6+ bxc6 8. Nbd2 B@h5 9. Bg3 Rb8 10. Qc1 Bd6 11. Bxd6 cxd6 
12. Rg1 Bxf3 13. Nxf3 Ba6 14. N@f4 Qe7 15. B@h5+ B@f7 16. Bxf7+ Qxf7 17. B@h5 
g6 18. Bg4 B@a5+ 19. c3 N@d3+ 20. Nxd3 Bxd3 21. B@a4 Rc8 22. Bc2 Bxc2 
23. Qxc2 B@e4 24. N@d3 Bxd3 25. Qxd3 N@c4 26. Bxf5 exf5 27. O-O-O B@e4 28. Qe2 
Bxc3 29. B@e6 Qe7 30. B@d7+ Qxd7 31. Bxd7+ Kxd7 32. Q@b7+ P@c7 33. N@a4 Bxf3 
34. gxf3 B@d2+ 35. Qxd2 Bxd2+ 36. Rxd2 Nxd2 37. B@e6+ Kxe6 38. Qxc8+ Rxc8 39. B@g8+ 
Rxg8 40. R@e8+ Rxe8 41. B@g8+ Rxg8 42. Kxd2 N@c4+ 43. Kc2 Q@d2+ 44. Kb1 Q@c2+ 
45. Ka1 Qxb2+ 46. Nxb2 Qxb2# 
{Sunsetter checkmated} 0-1

[Event "fics rated crazyhouse match"]
[Site "fics, Oklahoma City, OK USA"]
[Date "2000.09.23"]
[White "LINDEGREN"]
[WhiteElo "2333"]
[Black "Sunsetter"]
[BlackElo "2352"]
[TimeControl "180+0"]
[Result "1-0"]

1. e4 e5 2. Nf3 Nc6 3. Bb5 Bc5 4. O-O Nf6 5. d3 h6 6. Bxc6 
dxc6 7. Nxe5 Bd4 8. N@f3 B@h5 9. P@e2 Bxe5 10. Nxe5 Be6 11. Nc3 Ng4 
12. Bf4 Rg8 13. B@f3 Rh8 14. e3 Nxe5 15. Bxh5 Nd7 16. B@f5 Nf8 17. d4 
Bc4 18. d5 Bxf1 19. Bxf7+ Kxf7 20. Qxf1 B@h5 21. B@e6+ Nxe6 22. Bxe6+ Kf8 
23. dxc6 N@d2 24. Bh3 N@f3+ 25. Kh1 B@e6 26. Bxe6 Nxf1 27. Rxf1 Nxh2 28. Bxh2 
P@f7 29. N@d7+ Ke8 30. N@f4 bxc6 31. Nxh5 fxe6 32. Ne5 R@d7 33. B@g6+ P@f7 
34. Nxg7+ Kf8 35. Bxf7 Rd6 36. Nxe6+ Rxe6 37. Bxe6 B@e8 38. N@g6+ Bxg6 39. Nxg6+ 
Kg7 40. P@e7 Qd2 41. R@f7+ Kxg6 42. B@f5+ Kh5 43. P@g4+ Kh4 44. Bg3+ Kg5 
45. B@h4# 
{Sunsetter checkmated} 1-0

[Event "fics rated crazyhouse match"]
[Site "fics, Oklahoma City, OK USA"]
[Date "2000.09.23"]
[White "Sunsetter"]
[WhiteElo "2344"]
[Black "LINDEGREN"]
[BlackElo "2341"]
[TimeControl "180+0"]
[Result "0-1"]

1. Nf3 e6 2. d4 d5 3. Nc3 Nf6 4. Bg5 Be7 5. Bxf6 Bxf6 6. e4 
Nc6 7. Bb5 B@h5 8. exd5 exd5 9. Qe2+ P@e4 10. Bxc6+ bxc6 11. Nxe4 dxe4 
12. Qxe4+ Be6 13. Qxc6+ B@d7 14. Qc5 Bxf3 15. gxf3 N@g2+ 16. Kd2 N@c4+ 17. Kc1 
Qe7 18. N@e4 Qxc5 19. Nxf6+ gxf6 20. N@g7+ Kd8 21. Nxe6+ Bxe6 22. B@h6 N@d3+ 
23. cxd3 Na3+ 24. dxc5 Q@c2# 
{Sunsetter checkmated} 0-1

[Event "fics rated crazyhouse match"]
[Site "fics, Oklahoma City, OK USA"]
[Date "2000.09.23"]
[White "LINDEGREN"]
[WhiteElo "2349"]
[Black "Sunsetter"]
[BlackElo "2336"]
[TimeControl "180+0"]
[Result "1-0"]

1. e4 e6 2. d4 Nc6 3. Be3 Nf6 4. Bd3 Be7 5. Nf3 d6 6. O-O 
Ng4 7. Nc3 O-O 8. Qe2 e5 9. d5 Nb4 10. a3 Nxd3 11. cxd3 Nxe3 
12. fxe3 B@g6 13. N@g3 Bg4 14. N@f5 Bf6 15. Nd1 B@d7 16. Nxg7 Bxg7 17. Nf2 
Bxf3 18. gxf3 N@g5 19. P@g2 Re8 20. B@f5 Bgxf5 21. Nxf5 Bxf5 22. exf5 N@h4 
23. B@g4 B@d7 24. B@g3 Nxf5 25. Bxf5 Bxf5 26. N@h5 Bh8 27. Ng4 Bg6 28. Nh6+ 
Kf8 29. f4 Bxh5 30. Qxh5 exf4 31. Rxf4 B@g6 32. Qe2 P@g7 33. Nxf7 N@h3+ 
34. gxh3 Nxh3+ 35. Kh1 Nxf4 36. Bxf4 Bxf7 37. P@e6 Rxe6 38. dxe6 Bxe6 39. N@g5 
Bg8 40. P@f7 P@g2+ 41. Qxg2 Bxf7 42. N@e6+ Bxe6 43. Nxe6+ Ke7 44. Nxd8 Rxd8 
45. P@e6 Kxe6 46. B@d5+ Kf6 47. Q@e6# 
{Sunsetter checkmated} 1-0

[Event "fics rated crazyhouse match"]
[Site "fics, Oklahoma City, OK USA"]
[Date "2000.09.23"]
[White "Sunsetter"]
[WhiteElo "2328"]
[Black "LINDEGREN"]
[BlackElo "2357"]
[TimeControl "180+0"]
[Result "0-1"]

1. e4 e6 2. Nc3 Nf6 3. d4 d5 4. exd5 Nxd5 5. Nxd5 exd5 6. Qe2+ 
P@e6 7. Nh3 Nc6 8. c3 Be7 9. Bf4 N@f5 10. Rd1 a6 11. P@b6 Bd6 
12. Bxd6 Nxd6 13. B@g5 f6 14. bxc7 Qxc7 15. Bf4 O-O 16. P@c5 P@e7 17. N@b6 
Rb8 18. cxd6 exd6 19. Nxc8 Rbxc8 20. Qxe6+ B@f7 21. Qxd6 Qxd6 22. Bxd6 Rfe8+ 
23. P@e3 P@c2 24. Ra1 N@e4 25. Q@c1 Q@d1+ 26. Qxd1 cxd1=Q+ 27. Rxd1 Nxd6 28. B@g3 
Ne4 29. Q@d7 Nxd4 30. Rxd4 P@c2 31. N@e7+ Kh8 32. N@c1 Rcd8 33. Qxb7 Q@b1 
34. Ke2 Qxc1 35. Kf3 N@g5+ 36. Kg4 Rxe7 37. Rxd5 Rxd5 38. Qc8+ R@d8 39. Qxd8+ 
Rxd8 40. R@h4 B@f5# 
{Sunsetter forfeits on time} 0-1

[Event "fics rated crazyhouse match"]
[Site "fics, Oklahoma City, OK USA"]
[Date "2000.09.24"]
[White "LSS"]
[WhiteElo "2379"]
[Black "Sjeng"]
[BlackElo "2307"]
[TimeControl "300+0"]
[Result "0-1"]

1. e4 e5 2. Nf3 Nc6 3. Bc4 Bc5 4. O-O Nf6 5. d3 d6 6. Nc3 
h6 7. h3 O-O 8. Nd5 Nd7 9. c3 Na5 10. Bb3 Nb6 11. Be3 Nxd5 
12. exd5 Bxe3 13. fxe3 Nxb3 14. axb3 N@f6 15. c4 B@b6 16. B@d2 B@f5 17. Ne1 
Bxh3 18. gxh3 Bxh3 19. Qf3 P@h2+ 20. Kxh2 Bxf1 21. Qxf1 Ng4+ 22. Kg3 P@h4+ 
23. Kf3 Qf6+ 24. P@f4 Nh2+ 25. Ke2 Nxf1 26. N@g4 Ng3# 
{LSS resigns} 0-1

[Event "fics rated crazyhouse match"]
[Site "fics, Oklahoma City, OK USA"]
[Date "2000.09.24"]
[White "LSS"]
[WhiteElo "2369"]
[Black "Sjeng"]
[BlackElo "2319"]
[TimeControl "300+0"]
[Result "0-1"]

1. e4 b6 2. d4 e6 3. Bd3 Bb7 4. f3 Nc6 5. c3 Qh4+ 6. Kf1 
d5 7. e5 Nge7 8. Nh3 Nf5 9. Bxf5 exf5 10. Bg5 B@c4+ 11. N@e2 Qh5 
12. Nd2 Bb5 13. Kg1 Qxg5 14. Nxg5 B@e3+ 15. Q@f2 Bxf2+ 16. Kxf2 Q@h4+ 17. g3 
Qxg5 18. B@h4 N@d3+ 19. Kg2 Qe3 20. Rf1 Nxb2 21. Nf4 Nxd1 22. Raxd1 Bxf1+ 
23. Rxf1 Qxd2+ 24. B@f2 Qxa2 25. N@b5 P@h3+ 26. Kxh3 P@g4+ 27. fxg4 fxg4+ 28. Kxg4 
Q@f5+ 29. Kf3 Qe4+ 30. Kg4 h5+ 31. Kg5 N@f3# 
{LSS checkmated} 0-1

[Event "fics rated crazyhouse match"]
[Site "fics, Oklahoma City, OK USA"]
[Date "2000.09.24"]
[White "LSS"]
[WhiteElo "2360"]
[Black "Sjeng"]
[BlackElo "2330"]
[TimeControl "300+0"]
[Result "1-0"]

1. e4 e6 2. d4 d5 3. e5 c5 4. dxc5 Bxc5 5. P@d4 Be7 6. Nh3 
P@c7 7. Bd3 Nc6 8. c3 h5 9. Nd2 Bg5 10. Nf1 Bxc1 11. Qxc1 B@e4 
12. Bxe4 dxe4 13. B@g5 Qd7 14. Ng3 B@f5 15. Nf4 h4 16. Nxf5 exf5 17. O-O 
N@d3 18. Nxd3 exd3 19. Qe3 N@c4 20. Qxd3 N6xe5 21. Rfe1 b5 22. Qf1 P@f6 
23. N@c5 Qc6 24. B@f3 Qxc5 25. dxc5 Rb8 26. B@c6+ N@d7 27. Bxd7+ Bxd7 28. c6 
Be6 29. P@d7+ Kf8 30. N@f4 fxg5 31. Nxe6+ fxe6 32. Rxe5 Nxe5 33. Q@c8+ R@d8 
34. Qxc7 N@h3+ 35. gxh3 Nxf3+ 36. Kh1 Ne7 37. B@d6 Kg8 38. Bxe7 B@b6 39. Qxd8+ 
Rxd8 40. R@e8+ Kh7 41. Bxd8 Q@g6 42. Rxh8+ Kxh8 43. R@e8+ B@g8 44. N@e7 Qf7 
45. N@g6+ Qxg6 46. Nxg6+ Kh7 47. Q@h5+ N@h6 48. R@h8# 
{Sjeng checkmated} 1-0

[Event "fics rated crazyhouse match"]
[Site "fics, Oklahoma City, OK USA"]
[Date "2000.09.24"]
[White "Igy"]
[WhiteElo "2283"]
[Black "ACC"]
[BlackElo "2235"]
[TimeControl "60+0"]
[Result "1-0"]

1. e4 e6 2. Nc3 d5 3. exd5 exd5 4. Bb5+ P@c6 5. Qe2+ Be7 6. d4 
Nf6 7. Bd3 O-O 8. Nf3 Re8 9. Ne5 Nbd7 10. O-O Nxe5 11. dxe5 Ng4 
12. N@h5 N@d4 13. Qd1 Nxe5 14. P@h6 Nxd3 15. Qxd3 B@g6 16. Qxd4 P@f6 17. Nxg7 
Be6 18. Nxe8 Qxe8 19. P@g7 N@h8 20. gxh8=Q+ Kxh8 21. Qxd5 Bf8 22. P@g7+ Bxg7 
23. hxg7+ Kxg7 24. B@h6+ Kg8 25. Qd1 P@g7 26. Bxg7 Kxg7 27. P@h6+ Kg8 28. R@g7+ 
Kh8 29. N@e4 B@f8 30. Nxf6 Bxg7 31. hxg7+ Kxg7 32. N@g4 h5 33. Bh6+ Kh8 
34. P@g7# 
{ACC checkmated} 1-0

[Event "fics rated crazyhouse match"]
[Site "fics, Oklahoma City, OK USA"]
[Date "2000.09.24"]
[White "Quartr"]
[WhiteElo "2209"]
[Black "Igy"]
[BlackElo "2302"]
[TimeControl "60+0"]
[Result "1-0"]

1. e4 Nf6 2. Nc3 Nc6 3. d4 e5 4. d5 Nd4 5. Nge2 Bc5 6. Be3 
d6 7. Bxd4 exd4 8. Nxd4 Bxd4 9. Qxd4 B@e5 10. Qd2 Bxc3 11. Qxc3 Nxe4 
12. Qxg7 P@d2+ 13. Ke2 N@f4+ 14. Kf3 N@g5+ 15. Kxf4 Qf6+ 16. Qxf6 Nxf6 17. N@g7+ 
Kf8 18. P@e7+ Kxg7 19. B@f8+ Rxf8 20. exf8=Q+ Kxf8 21. B@h6+ P@g7 22. Q@d8+ B@e8 
23. P@e7+ Kg8 24. R@f8# 
{Igy checkmated} 1-0

[Event "fics rated crazyhouse match"]
[Site "fics, Oklahoma City, OK USA"]
[Date "2000.09.24"]
[White "Igy"]
[WhiteElo "2304"]
[Black "Quartr"]
[BlackElo "2207"]
[TimeControl "60+0"]
[Result "0-1"]

1. e4 e6 2. Nc3 d5 3. exd5 exd5 4. Bb5+ Nc6 5. Nf3 Be7 6. d4 
Be6 7. Ne5 P@d7 8. Bxc6 dxc6 9. O-O B@f5 10. Re1 Bg6 11. P@h5 Bgf5 
12. N@g3 Nf6 13. Nxf5 Bxf5 14. B@d3 N@e4 15. Nxe4 Nxe4 16. Bxe4 dxe4 17. N@g3 
B@e6 18. N@e3 N@d6 19. Nexf5 Nxf5 20. Nxe4 Nxd4 21. B@b3 P@e2 22. Qd3 N@b4 
23. Qg3 Rg8 24. Bxe6 Nxe6 25. Nxf7 B@f4 26. Bxf4 Nxf4 27. Qxf4 B@f6 28. Nfg5 
Qd6 29. B@f7+ Kd8 30. N@e6+ Kc8 31. P@c5 Qxf4 32. Nxf4 Nd5 33. B@e6+ Q@d7 
34. Bxd7+ Kb8 35. Bfe6 a6 36. Q@c8+ Rxc8 37. Bxc8 Nxf4 38. R@d7 N@h3+ 39. gxh3 
Q@g2# 
{Igy checkmated} 0-1

[Event "fics rated crazyhouse match"]
[Site "fics, Oklahoma City, OK USA"]
[Date "2000.09.24"]
[White "LSS"]
[WhiteElo "2367"]
[Black "Sjeng"]
[BlackElo "2323"]
[TimeControl "300+0"]
[Result "0-1"]

1. e4 Nf6 2. Nc3 d5 3. exd5 Nxd5 4. Nxd5 Qxd5 5. Nf3 Nc6 6. N@c3 
Qd8 7. Bb5 N@f4 8. Rg1 P@h3 9. g3 Ng2+ 10. Kf1 Bg4 11. d3 Bxf3 
12. Qxf3 N@d4 13. Bxc6+ bxc6 14. Qd1 B@f3 15. P@e2 Bxe2+ 16. Nxe2 Nf3 17. Rxg2 
hxg2+ 18. Kxg2 R@e1 19. Be3 Rxd1 20. Rxd1 P@h3+ 21. Kxh3 Qd7+ 22. B@g4 Q@h5+ 
23. R@h4 Qdxg4# 
{LSS resigns} 0-1

[Event "fics rated crazyhouse match"]
[Site "fics, Oklahoma City, OK USA"]
[Date "2000.09.24"]
[White "Igy"]
[WhiteElo "2300"]
[Black "Quartr"]
[BlackElo "2211"]
[TimeControl "60+0"]
[Result "1-0"]

1. e4 e6 2. Nc3 d5 3. exd5 exd5 4. Bb5+ Nc6 5. Qe2+ Kd7 6. Nf3 
P@e6 7. d4 Ke8 8. Ne5 Bd7 9. Nxd7 Qxd7 10. Bxc6 bxc6 11. N@e5 N@b6 
12. Nxd7 Nxd7 13. P@b7 Rd8 14. B@c8 Ngf6 15. Bg5 N@b8 16. O-O Be7 17. Rfe1 
B@f5 18. Bxd7+ Nbxd7 19. N@e5 B@d6 20. Nxc6 Bxh2+ 21. Kxh2 Ng4+ 22. Qxg4 Bxg5 
23. Qxg5 B@f6 24. Q@e7+ Bxe7 25. Qxe7# 
{Quartr checkmated} 1-0